 Dungeon Crawl Stone Soup version 0.22-a0-479-gc6e99f3 (webtiles) character file.

188 galech the Skirmisher (level 5, -1/57 HPs)
             Began as an Ogre Berserker on June 14, 2018.
             Was a Believer of Trog.
             Slain by an orc wizard
             ... wielding a +0 dagger of venom
              (3 damage)
             ... on level 2 of the Dungeon.
             The game lasted 00:02:15 (1473 turns).

galech the Skirmisher (Ogre Berserker)              Turns: 1473, Time: 00:02:18

Health: -1/57      AC:  3    Str: 22 (24) XL:     5   Next: 67%
Magic:  5/5        EV: 10    Int:  5 (8)  God:    Trog [**....]
Gold:   65         SH:  0    Dex:  7 (8)  Spells: 4/4 levels left

rFire    . . .     SeeInvis .   l - +2 flail (crush)
rCold    . . .     Gourm    .   (no shield)
rNeg     . . .     Faith    .   b - +0 animal skin
rPois    .         Spirit   .   (helmet restricted)
rElec    .         Reflect  .   (no cloak)
rCorr    .         Harm     .   (gloves unavailable)
MR       .....                  (boots unavailable)
Stlth    +.........             (no amulet)
HPRegen  0.19/turn              k - +2 ring of strength
MPRegen  0.09/turn              (no ring)

@: lethally poisoned (-1 -> -22), berserk cooldown, slowed, very slow
A: large, unfitting armour, tough skin 1
a: Berserk, Trog's Hand, Renounce Religion


You were on level 2 of the Dungeon.
You worshipped Trog.
Trog was pleased with you.
You were very hungry.

You visited 1 branch of the dungeon, and saw 2 of its levels.

You collected 65 gold pieces.

Inventory:

Hand Weapons
 a - a +0 mace
 l - a +2 flail of crushing (weapon)
Armour
 b - a +0 animal skin (worn)
Jewellery
 k - a +2 ring of strength (left hand)
 m - a +3 ring of protection {unknown}
Scrolls
 g - a scroll of fear {unknown}
 i - a scroll of identify {unknown}
 n - a scroll of remove curse {unknown}
Potions
 h - a potion of agility {unknown}
 j - a potion of flight {unknown}
Comestibles
 c - 2 rations


   Skills:
 + Level 5.2 Fighting
 + Level 4.3 Maces & Flails
 + Level 3.6 Dodging
 + Level 0.2 Stealth


You had 4 spell levels left.
You didn't know any spells.
Your spell library was empty.

Dungeon Overview and Level Annotations

Branches:
Dungeon (2/15)

Altars:


Innate Abilities, Weirdness & Mutations

You are too large for most types of armour.
You have tough skin. (AC +1)


Message History

You feel very sick.
Something hits you but does no damage. x2
You are lethally poisoned!
All of the chunks of flesh in your inventory have rotted away.
You hit something.
* * * LOW HITPOINT WARNING * * *
You feel very sick.
You hear some strange, mumbled words.
A puff of flame appears from out of thin air!
The puff of flame hits you!
* * * LOW HITPOINT WARNING * * *
Something hits you.
* * * LOW HITPOINT WARNING * * *
It was a potion of degeneration.
There was something very wrong with that liquid.
You feel weakened.
You feel dopey.
You feel clumsy.
* * * LOW HITPOINT WARNING * * *
You feel very sick. Something hits you.
You die...

###........# ##...#
###.......##.####
#####
..........##....##
.....o.....####..##
##..........# ##..#
#..######..#####.###
##..# #....###...##
##.# ###...)###..##
.. #..#{@†....#####
... ##.######......#
#....# ##.###.#
####.## #..##.######
#..####..#.#....#
##.(...#.#.#....#
#####.#......<.#
########.#####....#
##......#.### #....#


There were no monsters in sight!

Vanquished Creatures
  An orc warrior (D:2)
  4 gnolls (D:2)
  An adder (D:2)
  3 dart slugs (D:1)
  A leopard gecko (D:2)
  An orc (D:2)
  2 bats (D:1)
  3 giant cockroaches (D:1)
  4 goblins
  3 hobgoblins
  4 jackals (D:1)
  4 kobolds
  A quokka (D:2)
  4 frilled lizards
  A rat (D:1)
37 creatures vanquished.

Notes
Turn   | Place    | Note
-------+----------+-------------------------------------------
     0 | D:1      | galech the Ogre Berserker began the quest for the Orb.
     0 | D:1      | Reached XP level 1. HP: 24/24 MP: 1/1
   222 | D:1      | Reached XP level 2. HP: 18/32 MP: 2/2
   590 | D:1      | Reached ** piety under Trog
   590 | D:1      | Reached XP level 3. HP: 33/40 MP: 3/3
  1171 | D:2      | Reached XP level 4. HP: 32/49 MP: 4/4
  1228 | D:2      | Reached skill level 5 in Fighting
  1408 | D:2      | Noticed an orc warrior
  1461 | D:2      | Killed an orc warrior
  1461 | D:2      | Reached XP level 5. HP: 57/57 MP: 5/5
  1473 | D:2      | HP: 2/57 [poisoned by an orc wizard]
  1473 | D:2      | Slain by an orc wizard

Vault maps used:
D:1:      dpeg_arrival_erosion
D:2:      uniq_robin

Skill      XL: |  1  2  3  4 |
---------------+-------------+-----
Maces & Flails | 3 4 |  4.3
Dodging        | 3 |  3.6
Fighting       | 5 |  5.2
Stealth        | |  0.2

Action                   |  1- 3 |  4- 6 || total
-------------------------+-------+-------++-------
Melee: Mace              |    75 |     2 ||    77
       Flail             |       |    31 ||    31
Invok: Berserk           |     1 |     1 ||     2
       Trog's Hand       |     1 |     1 ||     2
  Use: Potion            |       |     3 ||     3
  Eat: Chunk             |     1 |     2 ||     3
Armor: Animal skin       |    30 |     8 ||    38
Dodge: Dodged            |    51 |    14 ||    65

Table legend:
 A = Spawn XP
 B = Non-spawn XP
 C = Spawn XP percentage of total XP
 D = Spawn monster count
 E = Non-spawn monster count
 F = Spawn count percentage of total count
 G = Total turns spent on level
                    A         B        C        D         E        F      G
               +---------+---------+-------+---------+---------+-------+---------
         Total |       0 |     269 |   0.0 |       0 |      37 |   0.0 |  1473
               +---------+---------+-------+---------+---------+-------+---------
           D:1 |       0 |      42 |   0.0 |       0 |      20 |   0.0 |  1014
           D:2 |       0 |     227 |   0.0 |       0 |      17 |   0.0 |   459
               +---------+---------+-------+---------+---------+-------+---------
